 Dungeon Crawl Stone Soup version 0.27-a0-1193-g8631133539 (webtiles) character file.

Game seed: 9539662480002035692

180 bobarctor the Grave Robber (level 5, -1/35 HPs)
             Began as a Demonspawn Necromancer on May 26, 2021.
             Slain by a wyvern (18 damage)
             ... on level 4 of the Dungeon.
             The game lasted 00:19:38 (4483 turns).

bobarctor the Grave Robber (Demonspawn Necromancer) Turns: 4483, Time: 00:19:40

Health: -1/35      AC:  2    Str:  9    XL:     5   Next: 33%
Magic:  4/11       EV: 12    Int: 17    God:
Gold:   102        SH:  0    Dex: 13    Spells: 2/12 levels left

rFire    . . .     SeeInvis .   j - +2 dagger (venom)
rCold    . . .     Faith    .   (no shield)
rNeg     . . .     Spirit   .   g - +0 robe {Will+}
rPois    .         Reflect  .   (no helmet)
rElec    .         Harm     .   k - scarf {+Inv}
rCorr    .         Rampage  .   (no gloves)
Will     +....                  (no boots)
Stlth    ++........             (no amulet)
HPRegen  0.11/turn              t - ring of wizardry
MPRegen  0.12/turn              (no ring)

@: no status effects
A: spiny 1, sturdy frame 1
a: Evoke Invisibility


You were on level 4 of the Dungeon.
You visited 1 branch of the dungeon, and saw 4 of its levels.

You collected 102 gold pieces.

Inventory:

Hand Weapons
 c - a +0 dagger
 j - a +2 dagger of venom (weapon)
Missiles
 e - 143 stones
 m - 14 poisoned darts (quivered)
Armour
 a - a +0 robe
 g - a +0 robe of willpower (worn)
 k - a scarf of invisibility (worn)
Jewellery
 t - a ring of wizardry (left hand)
Scrolls
 b - 4 scrolls of identify {unknown}
 d - a scroll of amnesia {unknown}
 h - a scroll of noise {unknown}
 i - 2 scrolls of teleportation {unknown}
 n - a scroll of torment {unknown}
 o - a scroll of silence {unknown}
 p - a scroll of summoning {unknown}
 q - a scroll of fear {unknown}
 r - a scroll of holy word {unknown}
Potions
 f - a potion of invisibility {unknown}
 l - a potion of flight {unknown}
 s - a potion of curing {unknown}


   Skills:
 + Level 2.4 Dodging
 + Level 1.9 Stealth
 * Level 4.0 Spellcasting
 + Level 5.1 Necromancy
 * Level 1.2 Poison Magic


You had 2 spell levels left.
You knew the following spells:

 Your Spells              Type           Power      Damage    Failure   Level
a - Pain                  Necr           84%        1d8       1%          1
b - Animate Skeleton      Necr           42%        N/A       1%          1
c - Vampiric Draining     Necr           10%        2d7       2%          3
d - Call Imp              Summ           3%         N/A       10%         2
e - Spider Form           Tmut/Pois      2%         N/A       16%         3

Your spell library contained the following spells:

 Spells                   Type           Power      Damage    Failure   Level
 Beastly Appendage        Tmut           6%         N/A       6%          1
 Magic Dart               Conj           12%        1d3       6%          1
 Summon Small Mammal      Summ           12%        N/A       6%          1
 Searing Ray              Conj           6%         3d3       10%         2
 Wereblood                Tmut           3%         N/A       10%         2
 Animate Dead             Necr           10%        N/A       8%          4
 Call Canine Familiar     Summ           3%         N/A       19%         3
 Dazzling Flash           Conj/Hex       6%         N/A       19%         3
 Summon Guardian Golem    Hex/Summ       3%         N/A       19%         3
 Agony                    Necr           21%        N/A       21%         5
 Fulminant Prism          Conj/Hex       1%         3d6       50%         4
 Ice Form                 Ice/Tmut       3%         N/A       50%         4
 Iskenderun's Mystic Bla  Conj/Tloc      3%         2d3       50%         4
 Summon Ice Beast         Ice/Summ       3%         N/A       50%         4
 Summon Lightning Spire   Summ/Air       3%         N/A       50%         4
 Hydra Form               Tmut           1%         N/A       83%         5


Dungeon Overview and Level Annotations

Branches:
Dungeon (4/15)
 Temple: D:4-7

Altars:
Cheibriados
Lugonu

Portals:
Abyss: D:1


Innate Abilities, Weirdness & Mutations

You are partially covered in sharp spines.
Your movements are slightly less encumbered by armour. (ER -2)


Message History

Aim: a hobgoblin (chance to affect: 91%)
The hobgoblin writhes in agony!
You kill the hobgoblin!
A bullfrog skeleton comes into view.
Casting: Pain (safe; 1% risk of failure)
Confirm with . or Enter, or press ? or * to list all spells.
You can't see any susceptible monsters within range! (Use Z to cast anyway.)
A wyvern comes into view.
The bullfrog skeleton hits you.
The bullfrog skeleton is struck by your spines.
The bullfrog skeleton hits you but does no damage.
The wyvern hisses menacingly.
The wyvern barely misses you.
Casting: Pain (safe; 1% risk of failure)
Confirm with . or Enter, or press ? or * to list all spells.
Aiming: Pain (safe; 1% risk of failure)
Press: ? - help, Shift-Dir - straight line, f - wyvern
Aim: a wyvern (chance to affect: 80%)
The wyvern writhes in agony!
The wyvern barely misses you. The wyvern bites you!!
Ouch! That really hurt!
Casting: Pain (safe; 1% risk of failure)
Confirm with . or Enter, or press ? or * to list all spells.
You don't know that spell.
Casting: Pain (safe; 1% risk of failure)
Confirm with . or Enter, or press ? or * to list all spells.
Aiming: Vampiric Draining (dangerous; 2% risk of failure)
Press: ? - help, Shift-Dir - straight line, f/p - wyvern
Aim: a wyvern (moderately wounded)
You draw life force from the wyvern!
You feel life coursing into your body. The wyvern bites you.
Casting: Vampiric Draining (dangerous; 2% risk of failure)
Confirm with . or Enter, or press ? or * to list all spells.
Aiming: Vampiric Draining (dangerous; 2% risk of failure)
Press: ? - help, Shift-Dir - straight line, f/p - wyvern
Aim: a wyvern (severely wounded)
You draw life force from the wyvern.
You feel life coursing into your body. The wyvern bites you!!
Ouch! That really hurt!
You die...

.# #.## ####l# #..
########....# #.#
.........#### ##.##
######.#.#####...####.
#####..###.............
......#.#.#####.Z)####
..........######l##
########......##@#######
#..###........... #..#
####.####### #..# #.#
#..######.##
#..........##
...#######..# #..# ##.#
#.#########.#


You could see a wyvern and a bullfrog skeleton.

Vanquished Creatures
  A jelly (D:4)
  A hound (D:4)
  4 adders
  4 worms
  2 dart slugs (D:1)
  9 ball pythons
  3 bats
  5 endoplasms
  3 giant cockroaches
  7 goblins
  7 hobgoblins
  4 jackals (D:3)
  2 quokkas
  A frilled lizard (D:1)
  8 kobolds
  8 rats
69 creatures vanquished.

Notes
Turn   | Place    | Note
-------+----------+-------------------------------------------
     0 | D:1      | bobarctor the Demonspawn Necromancer began the quest for
                  | the Orb.
     0 | D:1      | Reached XP level 1. HP: 13/13 MP: 3/3
   371 | D:1      | Learned a level 1 spell: Animate Skeleton
   378 | D:1      | Gained mutation: You are partially covered in sharp spines.
                  | [demonic ancestry]
   378 | D:1      | Reached XP level 2. HP: 16/19 MP: 3/5
   440 | D:1      | Found a corrupted altar of Lugonu.
   441 | D:1      | Found a one-way gate to the infinite horrors of the Abyss.
   441 | D:1      | Noticed a demonic crawler
   441 | D:1      | Noticed a demonic crawler
  1086 | D:1      | Reached XP level 3. HP: 22/24 MP: 4/7
  1118 | D:1      | Learned a level 3 spell: Vampiric Draining
  2172 | D:2      | Learned a level 2 spell: Call Imp
  2571 | D:2      | Found a snail-covered altar of Cheibriados.
  3260 | D:3      | Reached XP level 4. HP: 25/30 MP: 2/9
  3801 | D:3      | Learned a level 3 spell: Spider Form
  4292 | D:4      | Reached skill level 5 in Necromancy
  4292 | D:4      | Reached skill level 1 in Poison Magic
  4292 | D:4      | Gained mutation: Your movements are slightly less
                  | encumbered by armour. (ER -2) [demonic ancestry]
  4292 | D:4      | Reached XP level 5. HP: 32/35 MP: 7/11
  4469 | D:4      | Noticed a wyvern
  4483 | D:4      | Slain by a wyvern

Illustrated notes

Levels and vault maps discovered:
D:1:      erik_arrival_cave_to_civilisation [erik_arrival_cave_to_temple],
          layout_rooms
D:2:      layout_basic, basic_altar, skrybe_limestone_x, minmay_hexomino_p4
D:3:      layout_basic
D:4:      layout_loops_ring, slow_altar_2, general_overflow_altar,
          grunt_ministairs_3

Skill      XL: |  1  2  3  4  5 |
---------------+----------------+-----
Spellcasting   | 3 4 |  4.0
Necromancy     | 5 |  5.1
Poison Magic   | 1 |  1.2
Dodging        | 2 |  2.4
Stealth        | |  1.9

Action                   |  1- 3 |  4- 6 || total
-------------------------+-------+-------++-------
Melee: Unarmed           |    10 |       ||    10
       Dagger            |    19 |    12 ||    31
 Cast: Pain              |   104 |    29 ||   133
       Vampiric Draining |     3 |     2 ||     5
       Call Imp          |     1 |       ||     1
       Animate Skeleton  |       |     3 ||     3
Armor: Robe              |     4 |     4 ||     8
Dodge: Dodged            |    20 |    11 ||    31

Table legend: (Time is in decaauts)
 A = Elapsed time spent in this place.
 B = Non-inter-level travel time spent in this place.
 C = Inter-level travel time spent in this place.
 D = Time resting spent in this place.
 E = Time spent auto-exploring this place.
 F = Levels seen in this place.
 G = Mean time per level.
                   A        B        C        D        E       F      G
               +--------+--------+--------+--------+--------+-----+--------+
         Total |   4481 |   4372 |    109 |   2142 |   1580 |   4 | 1120.2 |
       Dungeon |   4481 |   4372 |    109 |   2142 |   1580 |   4 | 1120.2 |
               +--------+--------+--------+--------+--------+-----+--------+

Top non-repeatable levels by time:
     D:1: 2027 daAuts
     D:2: 1155 daAuts
     D:3: 1104 daAuts
     D:4: 194 daAuts
